 Dungeon Crawl Stone Soup version 0.28.0 (webtiles) character file.

Game seed: 17725370826772812136

198 Host24 the Bolt Thrower (level 6, -5/37 HPs)
             Began as a Kobold Hunter on Mar 5, 2022.
             Slain by an ogre (16 damage)
             ... on level 3 of the Dungeon.
             The game lasted 00:06:59 (3825 turns).

Host24 the Bolt Thrower (Kobold Hunter)             Turns: 3825, Time: 00:06:59

Health: -5/37      AC:  6    Str: 11    XL:     6   Next: 6%
Magic:  0/6        EV: 14    Int: 13    God:
Gold:   109        SH:  0    Dex: 15    Spells: 5/5 levels left

rFire   + . .      SeeInvis .   a - +1 hand crossbow
rCold   . . .      Faith    .   (no shield)
rNeg    . . .      Spirit   +   n - +2 leather armour {rF+}
rPois   .          Reflect  .   (no helmet)
rElec   .          Harm     .   (no cloak)
rCorr   .          Rampage  .   (no gloves)
Will    +....                   g - +0 pair of boots
Stlth   +++.......              r - amulet of guardian spirit
HPRegen 0.12/turn               v - ring of willpower
MPRegen 0.10/turn               (no ring)

@: no status effects
A: small, no large weapons, nightstalker 3
a: no special abilities


You were on level 3 of the Dungeon.
You visited 1 branch of the dungeon, and saw 6 of its levels.

You collected 109 gold pieces.

Inventory:

Hand Weapons
 a - a +1 hand crossbow (weapon)
 h - a +1 dagger of electrocution
 k - a +2 dagger of draining
 s - a +2 whip of freezing
Missiles
 b - 2 poisoned darts
 d - 24 bolts (quivered ammo)
 e - 37 sling bullets
 f - 14 arrows
 j - 19 stones
Armour
 g - a +0 pair of boots (worn)
 n - a +2 leather armour of fire resistance (worn)
Jewellery
 m - a ring of fire
 o - a ring of fire
 r - an amulet of guardian spirit (around neck)
 v - a ring of willpower (left hand)
Wands
 t - a wand of polymorph (3)
Scrolls
 c - a scroll of identify {unknown}
 i - a scroll of magic mapping {unknown}
 u - 2 scrolls of teleportation {unknown}
Potions
 l - a potion of curing {unknown}
 p - a potion of might {unknown}
 q - a potion of magic {unknown}


   Skills:
 - Level 3.0 Fighting
 + Level 7.6 Crossbows
 - Level 3.0 Dodging
 - Level 1.3 Stealth


You had 5 spell levels left.
You didn't know any spells.
Your spell library contained the following spells:

 Spells                   Type           Power      Damage    Failure   Level
 Animate Skeleton         Necr           0%         N/A       38%         1
 Apportation              Tloc           0%         N/A       38%         1
 Summon Small Mammal      Summ           0%         N/A       38%         1
 Conjure Flame            Conj/Fire      0%         6-21      77%         3
 Ignite Poison            Fire/Tmut/Pois 0%         N/A       77%         3
 Sticky Flame             Conj/Fire      0%         2d3       99%         4


Dungeon Overview and Level Annotations

Branches:
Dungeon (6/15)
 Temple: D:4-7

Altars:
Uskayaw


Innate Abilities, Weirdness & Mutations

You are small and have problems with some larger weapons.
You are completely attuned to the shadows.


Message History

Your +2 whip of freezing stops glowing.
a - a +1 hand crossbow (weapon)
Fire: 30 bolts
Press: ? - help, Q - select action, (/) - cycle Shift-Dir - straight line, f - ogre
Aim: an ogre, wielding a +0 giant club (asleep, 98% to hit)
You shoot a bolt. The bolt hits the ogre.
The ogre shouts!
The ogre is lightly wounded.
A rat comes into view.
Fire: 29 bolts
Press: ? - help, Q - select action, (/) - cycle Shift-Dir - straight line, f/p - ogre
Aim: an ogre, wielding a +0 giant club (lightly wounded, 79% to hit)
You shoot a bolt. The bolt hits the ogre.
The ogre is moderately wounded.
Unknown command.
Fire: 28 bolts
Press: ? - help, Q - select action, (/) - cycle Shift-Dir - straight line, f/p - ogre
Aim: an ogre, wielding a +0 giant club (moderately wounded, 79% to hit)
You shoot a bolt. The bolt hits the ogre!
The ogre is almost dead.
Unknown command.
Fire: 27 bolts
Press: ? - help, Q - select action, (/) - cycle Shift-Dir - straight line, f/p - ogre
Aim: an ogre, wielding a +0 giant club (almost dead, 79% to hit)
You shoot a bolt. The bolt completely misses the ogre.
The ogre hits you with a +0 giant club!!
Ouch! That really hurt!
* * * LOW HITPOINT WARNING * * *
Fire: 26 bolts
Press: ? - help, Q - select action, (/) - cycle Shift-Dir - straight line, f/p - ogre
Aim: an ogre, wielding a +0 giant club (almost dead, 79% to hit)
You shoot a bolt. The bolt barely misses the ogre.
The ogre misses you. The rat closely misses you.
Unknown command.
Fire: 25 bolts
Press: ? - help, Q - select action, (/) - cycle Shift-Dir - straight line, f/p - ogre
Aim: an ogre, wielding a +0 giant club (almost dead, 79% to hit)
You shoot a bolt. The bolt barely misses the ogre.
The ogre hits you with a +0 giant club!!
You die...

#...# # ##.. (... ((..
..(. #.# ...O###### #.#
...r@....# ##.#
.........# .#.##
####.....# ....#
##########.....#
##..###................
##..##..###############
.......## ....####
....#


You could see an ogre and a rat.

Vanquished Creatures
  A hound (D:5)
  Jessica (D:3)
  9 gnolls
  3 dart slugs
  2 orcs
  5 endoplasms
  A giant cockroach (D:2)
  9 goblins
  4 hobgoblins
  A quokka (D:1)
  2 ball pythons (D:1)
  6 bats
  3 kobolds
  3 rats
50 creatures vanquished.

Notes
Turn   | Place    | Note
-------+----------+-------------------------------------------
     0 | D:1      | Host24 the Kobold Hunter began the quest for the Orb.
     0 | D:1      | Reached XP level 1. HP: 12/12 MP: 1/1
   210 | D:1      | Reached skill level 5 in Crossbows
   271 | D:1      | Reached XP level 2. HP: 13/18 MP: 2/2
   779 | D:1      | Reached XP level 3. HP: 18/23 MP: 3/3
   914 | D:1      | Found a faded altar of an unknown god.
  2075 | D:2      | Reached XP level 4. HP: 7/28 MP: 4/4
  2479 | D:2      | Reached skill level 6 in Crossbows
  2632 | D:3      | Found a hide-covered altar of Uskayaw.
  2634 | D:3      | Noticed a +0 dagger
  2634 | D:3      | Noticed a +0 hand axe
  2717 | D:3      | Noticed Jessica
  2758 | D:3      | Killed Jessica
  2759 | D:3      | Reached XP level 5. HP: 15/32 MP: 5/5
  2788 | D:3      | Reached skill level 7 in Crossbows
  3113 | D:3      | You fall into a shaft and drop 3 floors!
  3352 | D:6      | Noticed a steam dragon
  3377 | D:5      | Entered Level 5 of the Dungeon
  3455 | D:5      | Reached XP level 6. HP: 33/37 MP: 6/6
  3816 | D:3      | Noticed an ogre
  3825 | D:3      | Slain by an ogre

Illustrated notes

Levels and vault maps discovered:
D:1:      minmay_arrival_three_doors, layout_loops_ring,
          shapermc_ecumenical_altar_petra, minmay_pentomino_o2
D:2:      layout_loops_cross
D:3:      layout_rooms, dancing_weapons_uskayaw, amcnicky_altar_gilded,
          uniq_sigmund, uniq_jessica
D:4:      layout_loops_ring, mainiacjoe_overflow_six_doors_small,
          mainiacjoe_overflow_catwalk, fedhas_altar_3, minmay_circle_x
D:5:      layout_layer_cave, general_overflow_altar
D:6:      layout_basic, mainiacjoe_overflow_alcove_4, kennysheep_mini_moat,
          minmay_temple_entry_slanted, serial_rivers,
          chequers_serial_rivers_large_a, chequers_serial_rivers_small_a,
          chequers_serial_rivers_micro_d, chequers_serial_rivers_small_a,
          chequers_serial_rivers_room_b

Skill      XL: |  1  2  3  4  5 |
---------------+----------------+-----
Crossbows      | 5 6 7 |  7.6
Fighting       | 3 |  3.0
Dodging        | 3 |  3.0
Stealth        | |  1.3

Action                   |  1- 3 |  4- 6 || total
-------------------------+-------+-------++-------
Melee: Short sword       |    27 |       ||    27
       Dagger            |    82 |       ||    82
       Punch             |     2 |       ||     2
       Whip              |       |    44 ||    44
       Unarmed           |       |     6 ||     6
 Fire: Hand crossbow     |     6 |    21 ||    27
 Stab: Sleeping          |     6 |     2 ||     8
Armor: Leather armour    |    41 |    12 ||    53
Dodge: Dodged            |    77 |    62 ||   139
